 Dungeon Sprint DCSS version 0.28-a0-793-g31680bbd8b (webtiles) character file.

Game seed: 3070370444610316287

3300000 ytrimaz the Brawler (level 18, -32/150 HPs)
             Began as a Demonspawn Gladiator on Nov 3, 2021.
             Was the Champion of Makhleb.
             Annihilated by a meat berserker (36 damage)
             ... in the Dungeon (Sprint VIII: "Arena of Blood").
             The game lasted 00:01:46 (33 turns).

ytrimaz the Brawler (Demonspawn Gladiator)            Turns: 33, Time: 00:01:46

Health: -32/150    AC:  8    Str: 22    XL:     18   Next: 19%
Magic:  0/32       EV: 20    Int: 10    God:    Makhleb [******]
Gold:   0          SH:  0    Dex: 15    Spells: 38/38 levels left

rFire   . . .      SeeInvis .   j - +∞ Axe of Woe
rCold   . . .      Faith    .   (shield currently unavailable)
rNeg    . . .      Spirit   +   a - +0 leather armour
rPois   .          Reflect  .   b - +0 helmet
rElec   .          Harm     .   (no cloak)
rCorr   .          Rampage  .   (no gloves)
Will    +....      NoTele   +   (no boots)
Stlth   +++++.....              (no amulet)
HPRegen 0.35/turn               (no ring)
MPRegen 0.46/turn               (no ring)

@: no status effects
A: rugged brown scales 3, magic shield, magic regeneration, demonic magic 2,
weakness stinger 2
a: Renounce Religion, Minor Destruction, Lesser Servant of Makhleb, Major
Destruction, Greater Servant of Makhleb


You were in the Dungeon.
You worshipped Makhleb.
Makhleb was exalted by your worship.
You visited 1 branch

Inventory:

Hand Weapons
 j - the +∞ Axe of Woe (weapon)
   (You found it in the Dungeon)
Missiles
 c - 3 throwing nets (quivered)
Armour
 a - a +0 leather armour (worn)
 b - a +0 helmet (worn)
Scrolls
 i - a scroll of blinking
Potions
 d - a potion of curing
 f - a potion of haste
 g - 2 potions of magic
 h - a potion of berserk rage


   Skills:
 * Level 12.5 Fighting
 * Level 10.9(12.4) Short Blades
 * Level 9.7(11.8) Long Blades
 * Level 14.1(16.6) Axes
 * Level 10.3(15.0) Maces & Flails
 * Level 10.6(15.2) Polearms
 * Level 10.8(14.1) Staves
 * Level 10.8(12.5) Slings
 * Level 10.8 Bows
 * Level 10.8 Crossbows
 * Level 10.2(12.2) Throwing
 * Level 10.8 Armour
 * Level 15.7 Dodging
 * Level 12.1 Stealth
 * Level 10.8 Shields
 * Level 16.6 Unarmed Combat
 * Level 10.8 Spellcasting
 * Level 11.7 Conjurations
 * Level 11.8 Hexes
 * Level 11.7 Summonings
 * Level 12.7 Necromancy
 * Level 10.8 Translocations
 * Level 10.8 Transmutations
 * Level 10.8 Fire Magic
 * Level 10.9 Ice Magic
 * Level 10.8 Air Magic
 * Level 10.8 Earth Magic
 * Level 11.8 Poison Magic
 * Level 15.6 Invocations
 * Level 12.4 Evocations


You had 38 spell levels left.
You didn't know any spells.
Your spell library was empty.

Dungeon Overview and Level Annotations

Branches:
Dungeon (1/1)

Altars:
Makhleb


Innate Abilities, Weirdness & Mutations

You are completely covered in rugged brown scales. (AC +3, +7% HP)
When hurt, damage is shared between your health and your magic reserves.
You regenerate magic rapidly.
Spells you cast may paralyse nearby enemies.
You have a tail ending in a sharp stinger.


Message History

Your body is wracked with pain!
The bag of meat convulses! x3
The meat berserker convulses!
The bag of meat convulses! x2
The bag of meat is engulfed in blazing flames.
You hear a shout! x5
Your base Axes skill increases to level 14!
A meat berserker comes into view. It is wielding a +9 battleaxe.
Unknown command.
You slice the bag of meat!!
You pulverise the bag of meat into a thin bloody mist.
You blow up the bag of meat!
Makhleb accepts your kill.
You feel better.
The sculptor of flesh appears out of thin air!
A sculptor of flesh comes into view. It is wielding a +9 great sword.
You are engulfed in blazing flames.
You hear a shout!
A bag of meat comes into view. It is wielding a +9 war axe.
You hear a shout! x5
The destroyer points at you and mumbles some strange words.
The destroyer blinks!
The eight-headed meat hydra calls on the powers of darkness!
The eight-headed meat hydra convulses!
The bag of meat convulses! x4
The large bag of meat convulses!
Flame seeps out of the large bag of meat.
The meat berserker convulses! x2; The bag of meat convulses! x2
Your body is wracked with pain!
* * * LOW HITPOINT WARNING * * *
A destroyer comes into view. It is wielding a +9 vorpal great sword.
You hear a shout! x2
You are engulfed in blazing flames.
* * * LOW HITPOINT WARNING * * *
A meat berserker comes into view. It is wielding a +9 battleaxe.
The meat berserker is engulfed in blazing flames. x2
A meat berserker comes into view. It is wielding a +9 battleaxe.
You hear a shout!
A bag of meat comes into view. It is wielding a +9 war axe.
You hear a shout!
The meat berserker is engulfed in blazing flames.
The meat berserker hits you with a +9 battleaxe!!!
You die...

..Vo.......
..oo.......
o.O....○. #Do..z..#
. . #o.O....# ...
...###§§oo...###....
......)O###........§
#.....§@O§...oO.o...
......#○○○.)#.......
..... #_.<)_#.......
..z. #.....#..V...#
#........_...O......
.§....V.###.........
. .###... ...###....
#... ...# .... #.
...#


You could see an eight-headed meat hydra, 2 destroyers, 2 sculptors of flesh, a
large bag of meat (inner flame), 5 meat berserkers and 8 bags of meat.

Vanquished Creatures
  3 vampire knights (D)
  8 ogres (D)
  2 two-headed ogres (D)
  A hydra (D)
  11 orcs (D)
25 creatures vanquished.

Notes
Turn   | Place    | Note
-------+----------+-------------------------------------------
     0 | D        | Found the +∞ Axe of Woe
     0 | D        | ytrimaz the Demonspawn Gladiator began the quest for the
                  | Orb.
     0 | D        | Reached XP level 1. HP: 16/16 MP: 1/1
     1 | D        | Noticed a bag of meat
     2 | D        | Noticed a bag of meat
     3 | D        | Became a worshipper of Makhleb the Destroyer
     3 | D        | Noticed a meat berserker
     7 | D        | Killed a meat berserker
     7 | D        | Noticed a bag of meat
     7 | D        | Noticed a bag of meat
     7 | D        | Noticed a meat berserker
     7 | D        | Noticed a bag of meat
     8 | D        | Reached skill level 5 in Fighting
     8 | D        | Reached skill level 5 in Axes
     8 | D        | Reached skill level 5 in Throwing
     8 | D        | Reached skill level 5 in Stealth
     8 | D        | Reached skill level 8 in Unarmed Combat
     8 | D        | Reached skill level 5 in Conjurations
     8 | D        | Reached skill level 5 in Hexes
     8 | D        | Reached skill level 5 in Summonings
     8 | D        | Reached skill level 5 in Necromancy
     8 | D        | Reached skill level 5 in Poison Magic
     8 | D        | Reached skill level 5 in Evocations
     8 | D        | Gained mutation: Spells you cast may paralyse adjacent
                  | enemies. [demonic ancestry]
     8 | D        | Reached XP level 2. HP: 27/27 MP: 1/7
     8 | D        | Reached XP level 3. HP: 33/33 MP: 1/9
     8 | D        | Reached XP level 4. HP: 39/39 MP: 1/10
     8 | D        | Gained mutation: You regenerate magic rapidly. [demonic
                  | ancestry]
     8 | D        | Reached XP level 5. HP: 45/45 MP: 1/12
     8 | D        | Gained mutation: You have a small tail. [demonic ancestry]
     8 | D        | Reached XP level 6. HP: 51/51 MP: 1/13
     8 | D        | Gained mutation: You are partially covered in rugged brown
                  | scales. (AC +1, +3% HP) [demonic ancestry]
     8 | D        | Reached XP level 7. HP: 51/57 MP: 1/14
     8 | D        | Reached XP level 8. HP: 57/64 MP: 1/15
     8 | D        | Reached XP level 9. HP: 62/70 MP: 1/16
     8 | D        | Gained mutation: When hurt, damage is shared between your
                  | health and your magic reserves. [demonic ancestry]
     8 | D        | Reached XP level 10. HP: 68/77 MP: 1/17
     8 | D        | Gained mutation: You have a tail ending in a sharp stinger.
                  | [demonic ancestry]
     8 | D        | Reached XP level 11. HP: 73/82 MP: 1/18
     8 | D        | Killed a bag of meat
     8 | D        | Reached * piety under Makhleb
     8 | D        | Noticed a bag of meat
     9 | D        | Reached skill level 5 in Short Blades
     9 | D        | Reached skill level 5 in Maces & Flails
     9 | D        | Reached skill level 5 in Polearms
     9 | D        | Reached skill level 5 in Staves
     9 | D        | Reached skill level 5 in Slings
     9 | D        | Reached skill level 5 in Bows
     9 | D        | Reached skill level 5 in Crossbows
     9 | D        | Reached skill level 5 in Armour
     9 | D        | Reached skill level 5 in Shields
     9 | D        | Reached skill level 9 in Unarmed Combat
     9 | D        | Reached skill level 5 in Spellcasting
     9 | D        | Reached skill level 5 in Translocations
     9 | D        | Reached skill level 5 in Transmutations
     9 | D        | Reached skill level 5 in Fire Magic
     9 | D        | Reached skill level 5 in Ice Magic
     9 | D        | Reached skill level 5 in Air Magic
     9 | D        | Reached skill level 5 in Earth Magic
     9 | D        | Gained mutation: You are mostly covered in rugged brown
                  | scales. (AC +2, +5% HP) [demonic ancestry]
     9 | D        | Reached XP level 12. HP: 74/92 MP: 1/19
     9 | D        | Killed a bag of meat
     9 | D        | Noticed a meat berserker
    10 | D        | Reached skill level 10 in Dodging
    10 | D        | Reached skill level 10 in Unarmed Combat
    10 | D        | Gained mutation: Spells you cast may paralyse nearby
                  | enemies. [demonic ancestry]
    10 | D        | Reached XP level 13. HP: 97/98 MP: 2/21
    10 | D        | Killed a meat berserker
    11 | D        | Reached skill level 5 in Long Blades
    11 | D        | Killed a meat berserker
    11 | D        | Reached ** piety under Makhleb
    11 | D        | Killed a bag of meat
    12 | D        | Reached skill level 12 in Unarmed Combat
    12 | D        | Reached skill level 10 in Invocations
    12 | D        | Reached XP level 14. HP: 107/108 MP: 3/24
    12 | D        | Killed a bag of meat
    13 | D        | Killed a bag of meat
    13 | D        | Reached *** piety under Makhleb
    14 | D        | Reached XP level 15. HP: 115/115 MP: 4/26
    15 | D        | Noticed a meat berserker
    16 | D        | Noticed a meat berserker
    17 | D        | Noticed a meat berserker
    17 | D        | Noticed a destroyer
    17 | D        | Killed a meat berserker
    17 | D        | Noticed a meat berserker
    18 | D        | Reached skill level 13 in Unarmed Combat
    18 | D        | Noticed a large bag of meat
    19 | D        | Noticed a large bag of meat
    20 | D        | Noticed a destroyer
    22 | D        | Noticed a meat berserker
    23 | D        | Killed a destroyer
    23 | D        | Noticed a destroyer
    24 | D        | Killed a destroyer
    24 | D        | Reached **** piety under Makhleb
    24 | D        | Killed a meat berserker
    25 | D        | Reached skill level 10 in Axes
    25 | D        | Reached skill level 10 in Stealth
    25 | D        | Reached skill level 14 in Unarmed Combat
    25 | D        | Reached skill level 10 in Conjurations
    25 | D        | Reached skill level 10 in Hexes
    25 | D        | Reached skill level 10 in Summonings
    25 | D        | Reached skill level 10 in Necromancy
    25 | D        | Reached skill level 10 in Poison Magic
    25 | D        | Reached skill level 10 in Evocations
    25 | D        | Reached XP level 16. HP: 105/128 MP: 4/29
    25 | D        | Noticed an eight-headed meat hydra
    25 | D        | Noticed an eight-headed meat hydra
    25 | D        | Killed a meat berserker
    25 | D        | Noticed a large bag of meat
    26 | D        | Reached skill level 10 in Fighting
    26 | D        | Reached skill level 10 in Short Blades
    26 | D        | Reached skill level 15 in Unarmed Combat
    26 | D        | Reached XP level 17. HP: 17/134 MP: 0/30
    26 | D        | Killed a meat berserker
    26 | D        | Killed a meat berserker
    26 | D        | Reached ***** piety under Makhleb
    27 | D        | Reached skill level 10 in Slings
    27 | D        | Reached skill level 10 in Ice Magic
    27 | D        | Reached skill level 10 in Earth Magic
    27 | D        | Killed a large bag of meat
    28 | D        | Reached skill level 10 in Polearms
    28 | D        | Reached skill level 10 in Staves
    28 | D        | Reached skill level 10 in Bows
    28 | D        | Reached skill level 10 in Crossbows
    28 | D        | Reached skill level 10 in Armour
    28 | D        | Reached skill level 15 in Dodging
    28 | D        | Reached skill level 10 in Shields
    28 | D        | Reached skill level 16 in Unarmed Combat
    28 | D        | Reached skill level 10 in Spellcasting
    28 | D        | Reached skill level 10 in Translocations
    28 | D        | Reached skill level 10 in Transmutations
    28 | D        | Reached skill level 10 in Fire Magic
    28 | D        | Reached skill level 10 in Air Magic
    28 | D        | Noticed a meat berserker
    28 | D        | Killed a destroyer
    29 | D        | Reached skill level 10 in Maces & Flails
    29 | D        | Reached skill level 10 in Throwing
    29 | D        | Reached skill level 15 in Invocations
    29 | D        | Gained mutation: You are completely covered in rugged brown
                  | scales. (AC +3, +7% HP) [demonic ancestry]
    29 | D        | Reached XP level 18. HP: 11/149 MP: 0/32
    30 | D        | Killed a large bag of meat
    30 | D        | Noticed a meat berserker
    30 | D        | Noticed a sculptor of flesh
    31 | D        | Killed an eight-headed meat hydra
    31 | D        | Reached ****** piety under Makhleb
    32 | D        | Noticed a meat berserker
    32 | D        | Noticed a destroyer
    32 | D        | Noticed a destroyer
    33 | D        | Noticed a sculptor of flesh
    33 | D        | HP: 3/150 [something (21)]
    33 | D        | Noticed a meat berserker
    33 | D        | Noticed a meat berserker
    33 | D        | Annihilated by a meat berserker

Illustrated notes

Levels and vault maps discovered:
D:        meatsprint

Skill      XL: |  1  2  3  4  5  6  7  8  9 10 11 12 13 14 15 16 17 18 |
---------------+-------------------------------------------------------+-----
Fighting       | 5 6 7 9 10 12 | 12.5
Short Blades   | 4 5 7 9 10 | 10.9
Long Blades    | 3 4 6 8 9 |  9.7
Axes           | 5 6 7 8 10 11 13 14 | 14.1
Maces & Flails | 4 5 6 7 9 10 | 10.3
Polearms       | 4 5 6 7 9 10 | 10.6
Staves         | 4 5 6 7 9 10 | 10.8
Slings         | 4 5 7 9 10 | 10.8
Bows           | 4 5 6 7 9 10 | 10.8
Crossbows      | 4 5 6 7 9 10 | 10.8
Throwing       | 5 6 7 8 10 | 10.2
Armour         | 4 5 6 7 9 10 | 10.8
Dodging        | 8 9 10 11 12 14 15 | 15.7
Stealth        | 5 6 7 8 10 11 12 | 12.1
Shields        | 4 5 6 7 9 10 | 10.8
Unarmed Combat | 8 9 10 12 14 15 16 | 16.6
Spellcasting   | 4 5 7 9 10 | 10.8
Conjurations   | 5 6 7 8 10 11 | 11.7
Hexes          | 5 6 7 8 10 11 | 11.8
Summonings     | 5 6 7 8 10 11 | 11.7
Necromancy     | 5 6 8 10 11 12 | 12.7
Translocations | 4 5 6 7 9 10 | 10.8
Transmutations | 4 5 6 7 9 10 | 10.8
Fire Magic     | 4 5 6 7 9 10 | 10.8
Ice Magic      | 4 5 7 9 10 | 10.9
Air Magic      | 4 5 6 7 9 10 | 10.8
Earth Magic    | 4 5 7 9 10 | 10.8
Poison Magic   | 5 6 7 8 10 11 | 11.8
Invocations    | 6 7 8 10 11 13 14 15 | 15.6
Evocations     | 5 6 8 10 11 12 | 12.4

Action                   |  1- 3 |  4- 6 |  7- 9 | 10-12 | 13-15 | 16-18 || total
-------------------------+-------+-------+-------+-------+-------+-------++-------
Melee: Executioner's axe |     1 |       |       |     2 |     7 |     7 ||    17
  Use: Potion            |       |       |       |       |       |     1 ||     1
Armor: Leather armour    |       |       |       |       |       |     1 ||     1
Dodge: Dodged            |       |       |       |       |       |     5 ||     5

Table legend: (Time is in decaauts)
 A = Elapsed time spent in this place.
 B = Non-inter-level travel time spent in this place.
 C = Inter-level travel time spent in this place.
 D = Time resting spent in this place.
 E = Time spent auto-exploring this place.
 F = Levels seen in this place.
 G = Mean time per level.
                   A        B        C        D        E       F      G
               +--------+--------+--------+--------+--------+-----+--------+
         Total |     38 |     38 |      0 |      0 |      0 |   1 |   38.0 |
       Dungeon |     38 |     38 |      0 |      0 |      0 |   1 |   38.0 |
               +--------+--------+--------+--------+--------+-----+--------+

Top non-repeatable levels by time:
       D: 38 daAuts
